 Dungeon Crawl Stone Soup version bcrawl-1.35.4b (webtiles) character file.

Game seed: 388130227913700888

338931 pheathergobbo575 the Grappler (level 9, -1/70 HPs)
             Began as a Ghoul Abyssal Knight on Jan 28, 2022.
             Was an Elder of Lugonu.
             Slain by an orc warrior
             ... wielding a +0 hand axe
              (9 damage)
             ... on level 5 of the Dungeon.
             The game lasted 00:06:46 (4079 turns).

pheathergobbo575 the Grappler (GhAK)                Turns: 4079, Time: 00:06:47

Health: -1/70      AC:  7    Str: 20    XL:     9   Next: 12%
Magic:  18/18      EV: 10    Int:  2    God:    Lugonu [****..]
Gold:   366        SH:  0    Dex:  9    Spells: 8/8 levels left

rFire    . . .     SeeInvis .     - Claws (23.5)
rCold    + . .     Gourm    .   (no shield)
rNeg     + + +     Faith    .   a - +0 ring mail
rPois    ∞         Spirit   .   x - +0 helmet
rElec    .         Reflect  .   (no cloak)
rCorr    .                      (no gloves)
MR       .....                  m - +0 pair of boots
Stlth    ..........             (no amulet)
HPRegen  0.00/turn              l - ring of magical power
MPRegen  0.16/turn              u - -3 ring of intelligence (curse)

@: rotting
A: rotting body, claws 1, carnivore, cold resistance 1, negative energy
resistance 3, inhibited regeneration, torment resistance, unbreathing
a: Depart the Abyss, Bend Space, Banish, Corrupt, Renounce Religion


You were on level 5 of the Dungeon.
You worshipped Lugonu.
Lugonu was greatly pleased with you.
You were not hungry.

You visited 1 branch of the dungeon, and saw 6 of its levels.
You visited the Abyss 1 time.

You collected 366 gold pieces.

Inventory:

Missiles
 b - 10 tomahawks of dispersal {=f}
Armour
 a - a +0 ring mail (worn)
 d - a +0 pair of gloves
 m - a +0 pair of boots (worn)
 x - a +0 helmet (worn)
Jewellery
 l - a ring of magical power (left claw)
 u - a cursed -3 ring of intelligence (right claw)
Wands
 p - a wand of digging (10)
 y - a wand of iceblast (7)
Scrolls
 c - 5 scrolls of enchant armour {unknown}
 g - 2 scrolls of immolation {unknown}
 h - 2 scrolls of teleportation {unknown}
 i - 4 scrolls of identify
 k - a scroll of noise {unknown}
 o - 4 scrolls of amnesia {unknown}
 w - a scroll of remove curse {unknown}
 z - a scroll of fear {unknown}
 C - 2 scrolls of enchant weapon {unknown}
Potions
 f - a potion of invisibility {unknown}
 j - 3 potions of curing
 n - 2 potions of berserk rage {unknown}
 q - a potion of cancellation {unknown}
 r - 2 potions of flight {unknown}
 s - a potion of resistance {unknown}
 t - a potion of agility {unknown}
 v - a potion of degeneration {unknown}
 A - a potion of heal wounds {unknown}
 D - a potion of mutation {unknown}
Comestibles
 F - 10 rations {!d}


   Skills:
 - Level 3.2 Fighting
 - Level 0.8 Throwing
 - Level 1.7 Armour
 - Level 0.8 Dodging
 + Level 12.4 Unarmed Combat
 - Level 2.1 Invocations


You had 8 spell levels left.
You didn't know any spells.
Your spell library contained the following spells:

 Spells                   Type           Power        Failure   Level  Hunger
 Blink                    Tloc           N/A          38%         2    ####...
 Magic Dart               Conj           #...         73%         1    None
 Call Imp                 Summ           #.....       86%         2    ####...
 Conjure Flame            Conj/Fire      #.......     97%         3    #####..
 Mephitic Cloud           Conj/Pois/Air  #.......     97%         3    #####..
 Spider Form              Tmut/Pois      Unusable     N/A         3    N/A

Dungeon Overview and Level Annotations

Branches:
Dungeon (6/12)
 Temple: D:4-7

Altars:
Trog

Annotations:
D:2 1 runed door


Innate Abilities, Weirdness & Mutations

Your body is rotting away.
You thrive on raw meat.
You are immune to poison.
You have sharp fingernails.
You are carnivorous and can eat meat at any time.
Your flesh is cold resistant. (rC+)
You are immune to negative energy. (rN+++)
You do not regenerate when monsters are visible.
You are immune to unholy pain and torment.
You can survive without breathing.


Message History

The orc warrior is heavily wounded.
The orc warrior blinks!
The orc warrior hits you with a +0 hand axe!!
* * * LOW HITPOINT WARNING * * *
You scratch the orc warrior.
The orc warrior is severely wounded.
The orc warrior hits you but does no damage.
You scratch the orc warrior but do no damage.
Space bends around the orc warrior.
The orc warrior is almost dead.
You barely miss the orc warrior.
The orc warrior is almost dead.
The orc warrior hits you with a +0 hand axe!
* * * LOW HITPOINT WARNING * * *
You barely miss the orc warrior.
The orc warrior is almost dead.
Your ring mail prevents you from hitting the orc warrior.
The orc warrior is almost dead.
The orc warrior hits you with a +0 hand axe!
You die...

.................##
...............##.#
..............#####
..............#
#............##
####........##
##.########### #..#
##..o## ##..#
##.###@##
####...####.## ##.#
........#...# #.#
...........## #.#
..........## #.#
....####### #.#
...## #.# ..##
###.# ..# #####...#


You could see an orc warrior.

Vanquished Creatures
  Grinder (D:3)
  A hungry ghost (D:5)
  An orc warrior (D:6)
  3 eyes of draining (D:3)
  An ice beast (D:5)
  A phantom (D:5)
  2 ogres
  Blork the orc (D:5)
  A bullfrog (D:6)
  2 scorpions
  An orc priest (D:6)
  4 crimson imps
  Jessica (D:2)
  3 worker ants
  An orc wizard (D:3)
  Terence (D:2)
  6 adders
  3 gnolls (D:5)
  2 oozes (D:3)
  6 worms
  3 dart slugs
  4 leopard geckos
  23 orcs
  A ball python (D:1)
  3 giant cockroaches
  5 goblins
  6 hobgoblins
  10 jackals
  5 quokkas
  6 bats
  5 frilled lizards
  3 jackal skeletons (D:4)
  6 kobolds
  7 rats
129 creatures vanquished.

Notes
Turn   | Place    | Note
-------+----------+-------------------------------------------
     0 | Abyss:1  | pheathergobbo575 the Ghoul Abyssal Knight began the quest
                  | for the Orb.
     0 | Abyss:1  | Reached XP level 1. HP: 19/19 MP: 1/1
     2 | Abyss:1  | Found a corrupted altar of Lugonu.
    13 | D:1      | Escaped the Abyss
   113 | D:1      | Reached XP level 2. HP: 20/26 MP: 2/2
   115 | D:1      | Reached skill level 3 in Unarmed Combat
   259 | D:1      | Reached XP level 3. HP: 31/31 MP: 3/3
   276 | D:1      | Reached skill level 4 in Unarmed Combat
   389 | D:1      | Reached ** piety under Lugonu
   747 | D:2      | Found a runed door.
   764 | D:2      | Noticed an ogre
   783 | D:2      | Killed an ogre
   784 | D:2      | Reached skill level 5 in Unarmed Combat
   784 | D:2      | Reached XP level 4. HP: 7/38 MP: 4/4
   784 | D:2      | Reached XP level 5. HP: 8/45 MP: 5/5
   848 | D:2      | Noticed Terence
   874 | D:2      | Killed Terence
   875 | D:2      | Reached skill level 6 in Unarmed Combat
  1163 | D:2      | Noticed Jessica
  1176 | D:2      | Killed Jessica
  1362 | D:3      | Noticed Grinder
  1384 | D:3      | Paralysed by Grinder for 4 turns
  1389 | D:3      | Killed Grinder
  1390 | D:3      | Reached skill level 7 in Unarmed Combat
  1390 | D:3      | Reached XP level 6. HP: 31/51 MP: 6/6
  1502 | D:3      | Reached skill level 8 in Unarmed Combat
  1502 | D:3      | Reached XP level 7. HP: 55/57 MP: 7/7
  1623 | D:3      | Found a bloodstained altar of Trog.
  1628 | D:3      | Reached *** piety under Lugonu
  1638 | D:3      | Reached skill level 9 in Unarmed Combat
  2136 | D:4      | Reached XP level 8. HP: 61/63 MP: 8/8
  2209 | D:4      | Reached skill level 10 in Unarmed Combat
  2779 | D:5      | Entered Level 5 of the Dungeon
  3053 | D:5      | Noticed Blork the orc
  3059 | D:5      | Killed Blork the orc
  3145 | D:5      | Reached skill level 11 in Unarmed Combat
  4032 | D:6      | Reached skill level 12 in Unarmed Combat
  4032 | D:6      | Reached XP level 9. HP: 64/69 MP: 9/9
  4054 | D:6      | Reached **** piety under Lugonu
  4079 | D:5      | Slain by an orc warrior

Skill      XL: |  1  2  3  4  5  6  7  8 |
---------------+-------------------------+-----
Unarmed Combat | 3 5 7 8 9 12 | 12.4
Fighting       | |  3.2
Throwing       | |  0.8
Armour         | |  1.7
Dodging        | |  0.8
Invocations    | |  2.1

Action                   |  1- 3 |  4- 6 |  7- 9 || total
-------------------------+-------+-------+-------++-------
Melee: Unarmed           |   110 |    95 |   167 ||   372
       Punch             |     2 |     1 |     5 ||     8
  Eat: Chunk             |     4 |     9 |    16 ||    29
       Ration            |       |       |     1 ||     1
Armor: Ring mail         |    39 |    26 |    47 ||   112
Dodge: Dodged            |    73 |    49 |    53 ||   175
